 Dungeon Crawl Stone Soup version 0.20.0-4-g10b340a (webtiles) character file.

29 Rrauwl the Skirmisher (level 3, 0/29 HPs)
             Began as a Mummy Chaos Knight on May 28, 2017.
             Was an Initiate of Nemelex Xobeh.
             Slain by a centaur warrior (6 damage)
             ... on level 2 of the Dungeon.
             The game lasted 00:03:22 (7678 turns).

Rrauwl the Skirmisher (Mummy Chaos Knight)          Turns: 7678, Time: 00:03:23

Health: 0/29       AC:  5    Str: 16    XL:     3   Next: 1%
Magic:  3/3        EV: 11    Int: 11    God:    Nemelex Xobeh [......]
Gold:   54         SH:  0    Dex: 11    Spells: 2/2 levels left

rFire    x . .     SeeInvis .   g - +1 whip (drain)
rCold    + . .     Gourm    .   (no shield)
rNeg     + + +     Faith    .   b - +2 leather armour
rPois    ∞         Spirit   .   (no helmet)
rElec    .         Reflect  .   (no cloak)
rCorr    .         Harm     .   (no gloves)
MR       .....                  (no boots)
Stlth    +.........             (no amulet)
Regen    0.1/turn               (no ring)
MPRegen  0.1/turn               (no ring)

@: no status effects
A: no food or potions, fire vulnerability, cold resistance 1, negative energy
resistance 3, torment resistance, unbreathing
a: Renounce Religion


You were on level 2 of the Dungeon.
You worshipped Nemelex Xobeh.
Nemelex Xobeh was noncommittal.
You were not hungry.

You visited 1 branch of the dungeon, and saw 2 of its levels.

You collected 54 gold pieces.

Inventory:

Hand Weapons
 g - a +1 whip of draining (weapon)
Armour
 b - a +2 leather armour (worn)
Scrolls
 a - a scroll of remove curse {unknown}
 c - a scroll of recharging {unknown}
 d - a scroll of immolation {unknown}
 e - a scroll of identify {unknown}
 f - a scroll of enchant weapon {unknown}


   Skills:
 - Level 3.0 Fighting
 + Level 3.0 Maces & Flails
 - Level 2.0 Armour
 - Level 1.0 Dodging


You had 2 spell levels left.
You didn't know any spells.

Dungeon Overview and Level Annotations

Branches:
Dungeon (2/15)

Altars:
Nemelex Xobeh
Yredelemnul
Zin


Innate Abilities, Weirdness & Mutations

You do not eat or drink.
Your flesh is vulnerable to fire.
You are immune to poison.
Your flesh is cold resistant. (rC+)
You are immune to negative energy. (rN+++)
You are immune to unholy pain and torment.
You can survive without breathing.


Message History

A centaur warrior comes into view.
A centaur warrior is nearby!
The centaur warrior hits you!
Unknown command.
You hit the centaur warrior. You drain the centaur warrior!
The centaur warrior is lightly wounded.
The centaur warrior hits you! The centaur warrior misses you.
Unknown command.
You hit the centaur warrior. You drain the centaur warrior!
The centaur warrior is moderately wounded.
The centaur warrior hits you.
* * * LOW HITPOINT WARNING * * *
Unknown command.
You hit the centaur warrior but do no damage.
You drain the centaur warrior!
The centaur warrior is moderately wounded.
The centaur warrior hits you.
You die...
Xom is highly amused!
Your body disappears without a glow.

#...# #.# #.#.# #.#
#.#.##############
..#....##..##_.⌠.##
######....##......#
..#....##..###..##############
#.#.########.....8#..........#
#.#.# ###..############.# #...#
#....@_# #####.#### ##.##
###.c### #........# #.# #####
#......# #.###.##.# #.###...#
###..### #.##.....† #.....#.#
#.....# #.##..##.# #####...#
##8..8## #.##...#.# ###.##
##.....## #........# ##.#.#
##.......### ##.#.#.###
####....###..........###.........


You could see a centaur warrior.

Vanquished Creatures
  A worm (D:2)
  2 dart slugs
  A leopard gecko (D:1)
  8 goblins
  2 hobgoblins
  A quokka (D:2)
  A ball python (D:1)
  A bat (D:2)
  3 frilled lizards
  A kobold (D:1)
21 creatures vanquished.

Notes
Turn   | Place    | Note
-------+----------+-------------------------------------------
     0 | D:1      | Rrauwl the Mummy Chaos Knight began the quest for the Orb.
     0 | D:1      | Reached XP level 1. HP: 18/18 MP: 1/1
   150 | D:1      | XOM: harmless Fire miscast
   210 | D:1      | Reached skill level 1 in Dodging
   297 | D:1      | Reached XP level 2. HP: 22/24 MP: 2/2
   463 | D:1      | XOM is BORED!
   463 | D:1      | XOM: harmless Hex miscast
   803 | D:2      | Found a basalt altar of Yredelemnul.
  1023 | D:2      | XOM: silly message
  1329 | D:2      | Found a glowing silver altar of Zin.
  1330 | D:2      | Found a sparkling altar of Nemelex Xobeh.
  1387 | D:2      | Fell from the grace of Xom
  1387 | D:2      | Became a worshipper of Nemelex Xobeh the Trickster
  5863 | D:2      | Reached XP level 3. HP: 28/29 MP: 3/3
  7675 | D:2      | Noticed a centaur warrior
  7678 | D:2      | Slain by a centaur warrior

Skill      XL: |  1  2 |
---------------+-------+-----
Dodging        | 1 |  1.0
Armour         | 2 |  2.0
Maces & Flails | 3 |  3.0
Fighting       | |  3.0

Action                   || total
-------------------------++-------
Melee: Mace              ||    39
       Whip              ||    14
Armor: Leather armour    ||    12
Dodge: Dodged            ||    25
